 Dungeon Crawl Stone Soup version bcrawl-1.12-11-gb93c957c58 (webtiles) character file.

Game seed: 3884838520234991658

23 MisterOstroum the Ducker (level 3, 29/29 HPs)
             Began as a Sand Dwarf Archaeologist on June 22, 2019.
             Quit the game on level 1 of the Dungeon.
             The game lasted 00:01:45 (614 turns).

MisterOstroum the Ducker (Sand Dwarf Archaeologist)  Turns: 614, Time: 00:01:45

Health: 29/29      AC: 10    Str: 16    XL:     3   Next: 0%
Magic:  3/3        EV: 13    Int: 14    God:
Gold:   14         SH:  0    Dex:  9    Spells: 2/2 levels left

rFire    . . .     SeeInvis .   h - +0 club
rCold    . . .     Gourm    .   (shield restricted)
rNeg     . . .     Faith    .   k - +0 ring mail
rPois    .         Spirit   .   b - +1 hat
rElec    .         Reflect  .   (no cloak)
rCorr    .         Harm     .   d - +1 pair of gloves
MR       .....                  c - +1 pair of boots
Stlth    +.........             (no amulet)
HPRegen  0.09/turn              (no ring)
MPRegen  0.08/turn              (no ring)

@: studying Short Blades, slow
A: small, slowness 1, armour attunement
a: no special abilities


You were on level 1 of the Dungeon.
You were not hungry.

You visited 1 branch of the dungeon, and saw 1 of its levels.

You collected 14 gold pieces.

Inventory:

Hand Weapons
 h - a +0 club (weapon)
Missiles
 i - 193 stones (quivered)
Armour
 a - a +1 robe
 b - a +1 hat (worn)
 c - a +1 pair of boots (worn)
 d - a +1 pair of gloves (worn)
 k - a +0 ring mail (worn)
Scrolls
 l - a scroll of magic mapping {unknown}
 m - a scroll of identify {unknown}
Potions
 j - a potion of lignification {unknown}
Books
 g - a manual of Short Blades
Miscellaneous
 f - an ancient crate
Comestibles
 e - 3 rations {!d}


   Skills:
 + Level 2.1 Fighting
 + Level 0.0 Short Blades
 - Level 2.7 Dodging
 - Level 2.7 Stealth


You had 2 spell levels left.
You didn't know any spells.
Your spell library was empty.

Dungeon Overview and Level Annotations

Branches:
Dungeon (1/12)

Altars:


Innate Abilities, Weirdness & Mutations

You are small and have problems with some larger weapons.
You cover ground slowly.
Armour does not affect your spellcasting.


Message History

You kill the jackal!
Found a scroll labeled AKYRASY ULUC.
A leopard gecko comes into view.
The leopard gecko moves out of view.
The leopard gecko is too close now for your liking.
A leopard gecko is nearby!
You see here a jackal corpse.
The leopard gecko is too close now for your liking.
A leopard gecko is nearby!
A leopard gecko is nearby!
A leopard gecko is nearby!
A leopard gecko is nearby!
A leopard gecko is nearby!
You start resting.
HP restored.
You see here a jackal skeleton.
You see here a jackal skeleton.
i - 200 stones The leopard gecko hisses angrily.
The leopard gecko is too close now for your liking.
A leopard gecko is nearby!
A leopard gecko is nearby!
Throwing (i - inventory)
i - 200 stones (quivered)
Press: ? - help, Shift-Dir - straight line, f - leopard gecko
Aim: a leopard gecko (clinging)
You throw a stone.
The stone hits the leopard gecko but does no damage.
Throwing (i - inventory)
i - 199 stones (quivered)
Press: ? - help, Shift-Dir - straight line, f/p - leopard gecko
Aim: a leopard gecko (clinging)
You throw a stone.
The stone hits the leopard gecko but does no damage.
Throwing (i - inventory)
i - 198 stones (quivered)
Press: ? - help, Shift-Dir - straight line, f/p - leopard gecko
Aim: a leopard gecko (clinging)
You throw a stone. The stone hits the leopard gecko.
The leopard gecko is lightly wounded.
Throwing (i - inventory)
i - 197 stones (quivered)
Press: ? - help, Shift-Dir - straight line, f/p - leopard gecko
Aim: a leopard gecko (lightly wounded, clinging)
You throw a stone.
The stone hits the leopard gecko but does no damage.
The leopard gecko is lightly wounded.
You hit the leopard gecko.
The leopard gecko is almost dead.
The leopard gecko closely misses you. The leopard gecko barely misses you.
You hit the leopard gecko.
You kill the leopard gecko!
No target in view!
No target in view!
You now have 14 gold pieces.
l - a scroll labeled AKYRASY ULUC
Found a ring mail.
m - a scroll labeled XUNEPNUEGH
Found a robe.
e - 3 rations {!d} (gained 1)
A giant cockroach comes into view.
A giant cockroach is nearby!
A giant cockroach is nearby!
Throwing (i - inventory)
i - 196 stones (quivered)
Press: ? - help, Shift-Dir - straight line, f - giant cockroach
Aim: a giant cockroach (clinging)
You throw a stone.
The stone hits the giant cockroach but does no damage.
Your ring mail prevents you from hitting the giant cockroach.
The giant cockroach misses you.
You hit the giant cockroach but do no damage.
The giant cockroach bites you but does no damage. x2
You hit the giant cockroach.
The giant cockroach is severely wounded.
The giant cockroach misses you.
You hit the giant cockroach.
You kill the giant cockroach!
No target in view!
No target in view!
A bat and a rat come into view.
You see here a giant cockroach corpse.
There are monsters nearby!
There are monsters nearby!
There are monsters nearby!
Throwing (i - inventory)
i - 195 stones (quivered)
Press: ? - help, Shift-Dir - straight line, f - bat
Aim: a bat You throw a stone.
The stone closely misses the bat.
You barely miss the bat. The bat closely misses you.
You hit the bat.
You kill the bat!
Throwing (i - inventory)
i - 194 stones (quivered)
Press: ? - help, Shift-Dir - straight line, f - rat
Aim: a rat You throw a stone.
The stone hits the rat but does no damage.
You hit the rat.
You kill the rat!
You have reached level 3!
Your experience leads to an increase in your attributes!
Increase (S)trength, (I)ntelligence, or (D)exterity?
You feel stronger.
You have an epiphany!
The dusty tome is a manual of Short Blades!
Reading it may be key to unlocking the crate...
Are you sure you want to abandon this character and quit the game? (Confirm with "yes".)

##.......#.#.#.#.#.#.#.#.#.#
########...................
..#.#.#.#.#.#.#.#.#
..#.................
#.#.#.#.#.#.#.#.#
#...........[...
##.#.#.#.#.#.#.#
#.........[......
#....#.#@#?#.#.#
#.......†.......
##..#.#.#.#.#.#. #. ##..
....... # #.. ### #.. #.. .
... ##..


There were no monsters in sight!

Vanquished Creatures
  2 dart slugs (D:1)
  A leopard gecko (D:1)
  A giant cockroach (D:1)
  A goblin (D:1)
  2 hobgoblins (D:1)
  4 jackals (D:1)
  A kobold (D:1)
  2 bats (D:1)
  2 rats (D:1)
16 creatures vanquished.

Notes
Turn   | Place    | Note
-------+----------+-------------------------------------------
     0 | D:1      | MisterOstroum the Sand Dwarf Archaeologist began the quest
                  | for the Orb.
     0 | D:1      | Reached XP level 1. HP: 16/16 MP: 1/1
   227 | D:1      | Reached XP level 2. HP: 23/24 MP: 2/2
   613 | D:1      | Reached XP level 3. HP: 29/29 MP: 3/3
   614 | D:1      | Quit the game

Skill      XL: |  1  2 |
---------------+-------+-----
Fighting       | 2 |  2.1
Dodging        | |  2.7
Stealth        | |  2.7

Action                   || total
-------------------------++-------
Melee: Unarmed           ||    77
       Club              ||    58
Throw: Stone             ||     7
Armor: Robe              ||    36
       Ring mail         ||    39
Dodge: Dodged            ||   190
